← All builds
Geo / Armada / Economy first / OBSERVED BUILD

Stormbringer bombers

Armada Geo build order · Supreme Isthmus

Geo pivots to T1 air bombers from around 7:10, well before the role norm, pushing Stormbringers forward with fighters and scouts to fight in the enemy base and middle before transitioning back to the usual T2 economy.

Usually blows up the commander for T2 (70%)

#air #push · 156 distinct matches · 44 players · 6% of Armada Geo games · team won 70% of 161 · Recently observed

THE CATCH, AND WHAT COMES WITH IT
  • StormbringerT1 air bombers from 7:25 · 10% of role by thenFrom the Aircraft Plant. Only 10% of Geo games have it by then; others who build it get it around 7:42
  • Aircraft PlantAircraft Plant in 99%17% of all Geo games by then
  • FalconFighter in 81%11% of all Geo games by then
  • FalconFighter in 45%7% of all Geo games by then

Started with Stormbringer (98%), Whirlwind (2%).

Where those units first fight, in 155 games with kill data: in the enemy base 53%, in the middle 45%.

Those units destroy a typical 2,490 metal of enemy units by 15:00.

Then transitions into Starlight (21% of army), Jaguar (10% of army), fighter (9% of army).

HOW TO PLAY IT

Key timing: Stormbringer bombers by 7:15

  1. Open Bot Lab and geo as usual, then add an Aircraft Plant very early.
  2. Get the Geothermal Powerplant up on the normal fast schedule.
  3. Finish the Aircraft Plant well ahead of the role's usual pace.
  4. Push T1 bombers led by Stormbringer straight into the enemy base.
  5. Switch into the usual T2 constructor and Starlight work for the team.

Phase by phase

TYPICAL OF ITS 156 GAMES · AGAINST STANDARD GEO
  1. 1
  2. 2
  3. 3
  4. 4
  5. 5
  6. 6
PLAY THE OPENING

Follow the example game's first 8:26 step by step: what to build now, what comes next, and where it goes. At 1× it keeps pace with your own game.

  1. 1

    Up to the Bot Lab

    Economy
    • Metal Extractor3Mex
    • Wind Turbine4Wind
    Order
    1. Bot LabBot Lab after 3 mex, 4 winddone ~1:15, middle half 0:55–1:23

    By 0:58 in all: 3 mex · 4 wind

    The example game in this phase · 3 steps
    1. Mex ×2
    2. Wind ×2
    3. Bot LabBot Labdone 0:45 · typical 1:15
  2. 2

    Bot Lab to 5:00

    Economy
    • Metal Extractor1Mex
    • Wind Turbine2Wind
    • Energy Converter7Converter
    • Energy Storage1Energy storage
    Order
    1. Geothermal PowerplantGeo after 4 mex, 4 wind, 1 energy storage
    2. Bot LabEat Bot Lab
    Builders
    • Construction Turret5 Con turret
    • Lazarus5 Lazarus
    • Construction Bot2 Con bot
    • Lazarus1 Lazarus for allies
    • Construction Bot1 Con bot for allies

    By 5:00 in all: 4 mex · 6 wind · 1 geo · 7 converter · 1 energy storage · 5 con turret

    The example game in this phase · 24 steps
    1. Wind
    2. Construction BotCon botfor Beach sea
    3. Wind ×3
    4. LazarusLazarus
    5. Mex
    6. Wind
    7. Mex
    8. Wind
    9. Energy storage
    10. LazarusLazarus
    11. Wind
    12. LazarusLazarusfor Beach sea
    13. Wind ×2
    14. Construction BotCon bot ×2
    15. Geothermal PowerplantGeodone 3:30 · typical 3:24
    16. Bot LabEat Bot Labreclaimed for its metal
    17. Con turret ×3
    18. Converter ×2
    19. Hovercraft PlatformHovercraft Platformdone 4:49
    20. Converter ×2
    21. SeekerSeeker
    22. Advanced Metal ExtractorT2 mexdone 5:26 · typical 5:33
    23. Converter
    24. SeekerSeeker
  3. 3

    5:00 to T1 air bombers

    Economy
    • Wind Turbine2Wind+2 vs standard
    • Energy Converter2Converter
    Order
    1. Advanced Geothermal PowerplantAdvanced Geothermal Powerplant after 8 wind, 9 converter, 7 con turret
    2. Aircraft PlantAircraft Plant after 10 wind, 11 converter, 7 con turret
    3. StormbringerT1 air bombers after 9 wind, 11 converter, 8 con turret
    Builders
    • Construction Turret2 Con turret

    By 7:25 in all: 4 mex · 9 wind · 1 geo · 1 Advanced Geothermal Powerplant · 11 converter · 1 energy storage

    The example game in this phase · 7 steps
    1. Advanced Metal ExtractorT2 mex
    2. Hovercraft PlatformEat Hovercraft Platformreclaimed for its metal
    3. Converter
    4. Advanced Geothermal PowerplantAdvanced Geothermal Powerplantdone 7:20 · typical 7:12
    5. Advanced Metal ExtractorT2 mex ×2
    6. Aircraft PlantAircraft Plantdone 7:30 · typical 7:17
    7. StormbringerBomberdone 7:38
  4. 4

    T1 air bombers to Vehicle Plant

    Order
    1. Vehicle PlantVehicle Plant after 13 wind, 12 converter, 8 con turretdone ~8:46, middle half 7:56–9:25
    Army
    • Stormbringer14 Bomber +14 vs standard

    Some games also: fighter (46%) · con turret (41%) · wind (35%) · converter (34%)

    By 8:36 in all: 4 mex · 14 wind · 1 geo · 1 Advanced Geothermal Powerplant · 13 converter · 1 energy storage

    The example game in this phase · 8 steps
    1. StormbringerBomber ×3
    2. Con turret
    3. Radar TowerRadar Tower
    4. StormbringerBomber
    5. Con turret ×3
    6. StormbringerBomber
    7. Con turret ×2
    8. StormbringerBomber
  5. 5

    Vehicle Plant to Advanced Vehicle Plant

    Order
    1. Advanced Vehicle PlantAdvanced Vehicle Plant after 16 wind, 15 converter, 9 con turretdone ~9:56, middle half 9:24–10:44
    Builders
    • Construction Vehicle1 Con vehicle

    Some games also: fighter (44%) · bomber (36%) · wind (30%)

    By 9:34 in all: 4 mex · 16 wind · 1 geo · 1 Advanced Geothermal Powerplant · 15 converter · 1 energy storage

    The example game in this phase · 4 steps
    1. StormbringerBomber ×8
    2. Advanced Bot LabAdvanced Bot Labdone 9:17
    3. StormbringerBomber
    4. FalconFighter ×9
  6. 6

    Advanced Vehicle Plant to 15:00

    Economy
    • Wind Turbine7Wind−9 vs standard
    • Energy Converter2Converter+2 vs standard
    Order
    1. Aircraft PlantEat Aircraft Plant
    2. Vehicle PlantEat Vehicle Plant in 75% of games
    Army
    • Starlight2 Starlight
    • Umbra1 Jammer
    • Prophet1 Radar vehicle

    Some games also: con turret (48%) · Jaguar (48%) · T2 con vehicle for allies (37%) · T2 con vehicle (34%)

    The standard build makes here, this one skips: 6 Jaguar

    By 15:00 in all: 4 mex · 30 wind · 1 geo · 1 Advanced Geothermal Powerplant · 19 converter · 1 energy storage

    The example game in this phase · 2 steps
    1. FalconFighter ×6
    2. SentrySentry

Counts are medians over the build's games: half of them build more, half fewer. The example game is maxie12's (30 OS, 12/08/2026); pick another.

Team trades

IN AT LEAST 30% OF ITS GAMES

You hand over

  • Lazarus1 Lazarus to Beach seafirst at 2:23 · in 77% of games
  • Construction Bot1 Con bot to Beach seafirst at 2:31 · in 89% of games
  • Advanced Construction Vehicle1 T2 con vehicle to Front or Suicide frontfirst at 10:42 · in 37% of games

You get

  • Hercules1 Light transport from Airfirst at 4:22 · in 50% of games
  • Advanced Construction Bot1 T2 con bot from Techfirst at 4:50 · in 98% of games
  • Valiant11 Valiant from Airfirst at 8:47 · in 50% of games

How it plays out

Typical game of this build against the role’s standard build, running totals by minute

  • This build
  • Standard geo

Metal produced

020k40k
0:005:0010:0015:00

metal

Enemy metal destroyed

05k10k15k
0:005:0010:0015:00

metal

Own metal lost

02k4k6k
0:005:0010:0015:00

metal

161 games.

Show as table
ByMetal produced: This buildMetal produced: Standard geoEnemy metal destroyed: This buildEnemy metal destroyed: Standard geoOwn metal lost: This buildOwn metal lost: Standard geo
1:003423330000
2:008638540000
3:00151115270000
4:00270526720000
5:00373736950000
6:00574956430000
7:00818280240000
8:0010987113430001
9:00138711440821436385
10:00170001728018404801329204
11:001984420131351017452855534
12:0023086230124369361833851634
13:0025859257435706581837132989
14:0028751285897375820546704440
15:00312363136088231020155985610
WHAT THE NUMBERS SAY

Won far more often than the standard build and destroyed much more enemy metal by 10:00 despite heavier own losses.

  • + Destroyed 2819 enemy metal by 10:00 vs 534 standard.
  • + Won more often than the standard build (69% vs 54%).
  • − Own losses jump to 1857 by 10:00 vs just 260 standard.
  • − Metal production and 15:00 enemy metal destroyed both slightly trail standard.
THE EXAMPLE YOU ARE READING

maxie12

30.1 OS · 12/08/2026

Open source match ↗

1 received units · includes a constructor
504 metal received · 29196 energy received

Allied construction assistance is unknown. Timings are observations, not a promise of solo reproducibility.

Typical milestones

Bot Lab1:15Middle 50%: 0:55–1:23 · n=161
Geothermal Powerplant3:24Middle 50%: 3:10–3:38 · n=161
Advanced Metal Extractor5:33Middle 50%: 5:18–5:58 · n=159
Advanced Geothermal Powerplant7:12Middle 50%: 6:51–7:33 · n=143
Aircraft Plant7:17Middle 50%: 6:52–7:36 · n=159
Vehicle Plant8:46Middle 50%: 7:56–9:25 · n=139
Advanced Vehicle Plant9:56Middle 50%: 9:24–10:44 · n=119
Starlight10:46Middle 50%: 10:05–11:42 · n=90

Played most by

PongoPygmaeus24games of this buildNutzz20games of this buildViltrum15games of this buildzeus_on_god13games of this buildIMBALANCED10games of this build